 Dungeon Crawl Stone Soup version 0.18-a0-1211-g828307d (webtiles) character file.

8989 M4edhros the Slinger (level 11, 0/67 HPs)
             Began as an Octopode Artificer on Feb 3, 2016.
             Was a Believer of Fedhas.
             Slain by a wraith (4 damage)
             ... led by Josephine
             ... on level 11 of the Dungeon.
             The game lasted 00:30:56 (12998 turns).

M4edhros the Slinger (Octopode Artificer)          Turns: 12998, Time: 00:31:05

Health: 0/67       AC:  2    Str: 10    XL:     11   Next: 39%
Magic:  13/13      EV: 15    Int: 17    God:    Fedhas [**....]
Gold:   622        SH:  0    Dex: 14    Spells: 0 memorised, 10 levels left

rFire  + . .     SeeInvis +     j - +7 hunting sling of Nyhucs {speed, Dex+2 SInv}
rCold  . . .     Gourm    .     (no shield)
rNeg   . . .     Faith    .     q - +1 hat
rPois  .         Spirit   .     (no amulet)
rElec  .         Dismiss  .     z - ring of protection from magic
rCorr  .         Reflect  .     E - ring of protection from magic
SustAt .         Harm     .     F - +2 ring of dexterity
MR     ++...                    (no ring)
Stlth  +++++.....               (no ring)
                                (no ring)
                                (no ring)
                                (no ring)

@: about to teleport, slowed, very slow, very resistant to hostile enchantments,
quite stealthy
A: almost no armour, amphibious, 8 rings, constrict 8, antennae 1, tentacle
spike 1, camouflage 1, clumsy 1, dopey 1, fire resistance 1, low mp 1, screaming
1, gelatinous body 1
a: Evolution, Sunlight, Renounce Religion


You were on level 11 of the Dungeon.
You worshipped Fedhas.
Fedhas was pleased with you.
You were not hungry.

You visited 2 branches of the dungeon, and saw 12 of its levels.

You collected 665 gold pieces.
You spent 43 gold pieces at shops.

Inventory:

Hand Weapons
 j - the +7 hunting sling of Nyhucs (weapon) {speed, Dex+2 SInv}
   (You found it on level 5 of the Dungeon)

   Attacks with this weapon are significantly faster.
   It affects your dexterity (+2).
   It lets you see invisible.
 p - a +3 hunting sling of evasion
 D - a +2 rapier of freezing
 H - a +2 quarterstaff of protection
Missiles
 h - 273 stones (quivered)
 v - 18 sling bullets
Armour
 q - a +1 hat (worn)
Jewellery
 z - a ring of protection from magic (left tentacle)
 E - a ring of protection from magic (right tentacle)
 F - a +2 ring of dexterity (on tentacle)
Wands
 b - a wand of flame (11/48)
 c - a wand of enslavement (10/24)
 d - a wand of random effects (14/48)
 t - a wand of digging (14/24)
 u - a wand of lightning (8/15)
 I - a wand of slowing (21/48)
Scrolls
 e - 3 scrolls of teleportation
 i - 10 scrolls of remove curse {unknown}
 l - 3 scrolls of immolation
 m - a scroll of enchant weapon
 o - 3 scrolls of random uselessness
 x - 3 scrolls of recharging
 y - a scroll of silence {unknown}
 B - a scroll of amnesia {unknown}
 J - 2 scrolls of blinking {unknown}
Potions
 k - 2 potions of curing
 n - 3 potions of brilliance
Comestibles
 f - 9 bread rations
 g - 9 slices of pizza
 s - a royal jelly
 A - 5 beef jerkies


   Skills:
 + Level 3.3 Fighting
 - Level 1.0 Short Blades
 - Level 13.4 Slings
 + Level 6.3 Dodging
 - Level 7.0 Stealth
 * Level 5.8 Invocations
 - Level 4.6 Evocations


You had 10 spell levels left.
You didn't know any spells.

Dungeon Overview and Level Annotations

Branches:
Dungeon (11/15)            Temple (1/1) D:6            Lair (0/8) D:10
    Orc: D:9-12

Altars:
Ashenzari
Cheibriados
Dithmenos
Elyvilon
Fedhas
Gozag
Kikubaaqudgha
Makhleb
Nemelex Xobeh
Okawaru
Pakellas
Qazlal
Ru
Sif Muna
Trog
Vehumet
Xom
Yredelemnul
Zin
The Shining One

Shops:
D:2 }   D:6 :   D:8 (

Annotations:
D:3 WhatIsLove's ghost, amateur DsBe
D:9 WhatIsLove's ghost, novice DsBe


Innate Abilities, Weirdness & Mutations

You cannot wear most types of armour.
You are amphibious.
You can wear up to eight rings at the same time.
You can use your tentacles to constrict eight enemies at once.
Your skin changes colour to match your surroundings (Stealth).
Your rubbery body absorbs attacks (AC +1).
You have a pair of small antennae on your head.
One of your tentacles bears a spike.
You are clumsy. (Dex -2)
You are dopey. (Int -2)
Your flesh is heat resistant.
Your magical capacity is low (-10% MP).
You occasionally shout uncontrollably at your foes.


Message History

Okay, then.
Read which item? (? for menu, Esc to quit)
As you read the scroll of teleportation, it crumbles to dust.
You feel strangely unstable. The wraith barely misses you. x2
The wraith hits you!
* * * LOW HITPOINT WARNING * * *
Drink which item? (? for menu, Esc to quit)
You feel much better. The wraith hits you!
* * * LOW HITPOINT WARNING * * *
The wraith drains your vigour!
You feel as though you will be slow longer.
* * * LOW HITPOINT WARNING * * *
The wraith barely misses you. The wraith hits you.
* * * LOW HITPOINT WARNING * * *
The wraith drains your vigour!
You feel as though you will be slow longer.
* * * LOW HITPOINT WARNING * * *
The wraith closely misses you. The wraith hits you.
You die...
Fedhas appreciates your contribution to the ecosystem.

############################
..................f.......((
...##.......##...##..#(.....
............##..WW((((......
............##..@W.((..(....
............##..####+#######
............##..#
................#
#.....#####.....+ #.....#
#.###.# ......# #.# #.#
......# #.. ..# #.....# #..
..#


You could see 3 wraiths.

Vanquished Creatures
  Josephine (D:11)
  An ugly thing (D:11)
  A manticore (D:11)
  2 trolls
  Grinder (D:4)
  A two-headed ogre (D:8)
  A human (D:9)
  7 yaks
  A hippogriff (D:7)
  The ghost of pedritolo the Skirmisher, an amateur DsCK of Xom (D:4)
  Menkaure (D:4)
  A water moccasin (D:10)
  5 black bears
  4 orc warriors
  An ice beast (D:5)
  3 sky beasts
  3 necrophages
  6 ogres
  A phantom (D:9)
  4 centaurs
  2 big kobolds
  5 giant frogs
  3 scorpions
  5 crimson imps
  2 giant frog zombies
  A quasit (D:5)
  A centaur zombie (D:6)
  5 hounds
  6 orc priests
  2 jellies
  6 orc wizards
  A centaur skeleton (D:7)
  2 giant frog skeletons (D:4)
  4 iguanas
  7 worker ants
  3 sheep (D:9)
  2 hound skeletons
  Robin (D:4)
  2 worker ant zombies (D:8)
  14 adders
  7 gnolls
  2 shadow imps
  3 adder skeletons (D:4)
  5 worms
  8 giant geckos
  49 orcs
  3 bat skeletons (D:7)
  2 bat zombies (D:7)
  3 giant cockroaches
  13 goblins
  12 hobgoblins
  8 jackals
  4 quokkas
  A ball python (D:2)
  17 bats
  2 giant gecko skeletons (D:7)
  7 giant newts
  3 goblin skeletons (D:5)
  A goblin zombie (D:5)
  A jackal skeleton (D:6)
  15 kobolds
  A kobold zombie (D:5)
  2 orc skeletons (D:5)
  An orc zombie (D:5)
  3 quokka skeletons
  22 rats
315 creatures vanquished.

Vanquished Creatures (collateral kills)
  The ghost of asdu the Caller, an amateur DESu of Sif Muna (D:7)
  2 wraiths (D:11)
  2 yaks (D:10)
  A steam dragon (D:9)
  An orc warrior (D:7)
  A scorpion (D:7)
  An orc priest (D:5)
  A jelly (D:7)
  A worker ant (D:10)
11 creatures vanquished.

Vanquished Creatures (others)
  An orc priest (D:5)
  An orc wizard (D:7)
  7 wandering mushrooms
  111 toadstools
120 creatures vanquished.

Grand Total: 446 creatures vanquished

Notes
Turn   | Place    | Note
--------------------------------------------------------------
     0 | D:1      | M4edhros the Octopode Artificer began the quest for the Orb.
     0 | D:1      | Reached XP level 1. HP: 13/13 MP: 3/3
   409 | D:2      | Reached XP level 2. HP: 18/18 MP: 4/4
   469 | D:2      | Reached XP level 3. HP: 23/23 MP: 5/5
   670 | D:3      | Noticed WhatIsLove's ghost (amateur DsBe)
   811 | D:2      | Found an oddly glowing altar of Pakellas.
   811 | D:2      | Found Pakellas's Prime Provisions.
   829 | D:2      | Found a basalt altar of Yredelemnul.
  1146 | D:4      | Noticed pedritolo's ghost (amateur DsCK)
  1154 | D:3      | Reached skill level 4 in Stealth
  1154 | D:3      | Reached XP level 4. HP: 13/28 MP: 6/6
  1770 | D:4      | Reached XP level 5. HP: 27/33 MP: 7/7
  2096 | D:4      | Reached skill level 5 in Stealth
  2178 | D:4      | Noticed Robin
  2229 | D:4      | Noticed Menkaure
  2229 | D:4      | Noticed an ogre
  2580 | D:4      | Noticed Grinder
  2582 | D:4      | Paralysed by Grinder for 5 turns
  2792 | D:5      | Entered Level 5 of the Dungeon
  2802 | D:5      | Noticed an ice beast
  2805 | D:5      | Killed an ice beast
  2805 | D:5      | Reached skill level 6 in Stealth
  2805 | D:5      | Reached XP level 6. HP: 38/38 MP: 9/9
  3059 | D:5      | Noticed a necrophage
  3091 | D:5      | Killed a necrophage
  3091 | D:5      | Reached skill level 7 in Stealth
  3091 | D:5      | Reached XP level 7. HP: 25/41 MP: 10/10
  3097 | D:5      | Reached skill level 5 in Dodging
  3359 | D:5      | Got a steaming hunting sling
  3360 | D:5      | Identified the +7 hunting sling of Nyhucs {speed, Dex+2 SInv} (You found it on level 5 of the Dungeon)
  3400 | D:5      | Reached skill level 1 in Slings
  3664 | D:5      | Found a glowing golden altar of the Shining One.
  3870 | D:5      | Identified Wizardry for Neophytes
  4026 | D:5      | Reached XP level 8. HP: 41/48 MP: 11/11
  4067 | D:5      | Reached skill level 5 in Slings
  4281 | D:6      | Found an iron altar of Okawaru.
  4352 | D:6      | Gained mutation: Your flesh is heat resistant. [mutagenic meat]
  4353 | D:6      | Gained mutation: You have a pair of small antennae on your head. [mutagenic meat]
  4354 | D:6      | Gained mutation: You are dopey. (Int -2) [mutagenic meat]
  4356 | D:6      | Gained mutation: You are clumsy. (Dex -2) [mutagenic meat]
  4359 | D:6      | Found Hadareh's Book Boutique.
  4418 | D:6      | Found a bloodstained altar of Trog.
  4557 | D:6      | Found a staircase to the Ecumenical Temple.
  4568 | Temple   | Entered the Ecumenical Temple
  5584 | D:3      | Reached skill level 8 in Slings
  5645 | D:3      | Found an opulent altar of Gozag.
  5650 | D:3      | Reached XP level 9. HP: 52/52 MP: 12/12
  5653 | D:3      | Found a shimmering altar of Xom.
  5655 | D:3      | Found a radiant altar of Vehumet.
  5657 | D:3      | Found a glowing silver altar of Zin.
  5660 | D:3      | Found a sacrificial altar of Ru.
  5757 | D:3      | Became a worshipper of Xom of Ineffable Intent
  6293 | D:7      | Found a burning altar of Makhleb.
  6350 | D:7      | XOM: divination: detect creatures
  6411 | D:7      | Found an ancient bone altar of Kikubaaqudgha.
  6491 | D:7      | Reached skill level 9 in Slings
  6590 | D:4      | Killed pedritolo's ghost
  6609 | D:4      | XOM: divination: detect creatures
  6616 | D:4      | Killed Grinder
  7035 | D:7      | Reached skill level 10 in Slings
  7134 | D:7      | XOM: silly message
  7184 | D:7      | XOM: silly message
  7189 | D:7      | XOM: divination: detect creatures
  7193 | D:7      | XOM: potion effect (heal wounds)
  7202 | D:7      | XOM: potion effect (haste)
  7213 | D:6      | XOM: butterfly on damage
  7622 | D:8      | Found Ezuoplit's Antique Weapon Shop.
  7628 | D:8      | Bought a glowing hunting sling for 43 gold pieces
  7758 | D:8      | Reached skill level 11 in Slings
  7926 | D:8      | Noticed a two-headed ogre
  7938 | D:8      | Killed a two-headed ogre
  7938 | D:8      | Reached XP level 10. HP: 45/58 MP: 13/13
  7956 | D:8      | XOM: mild Erth miscast
  8177 | D:9      | XOM: mild Trmt miscast
  8191 | D:9      | Reached skill level 12 in Slings
  8495 | D:9      | Found a blossoming altar of Fedhas.
  8501 | D:9      | Fell from the grace of Xom
  8501 | D:9      | Became a worshipper of Fedhas Madash
  8633 | D:7      | Noticed asdu's ghost (amateur DESu)
  8780 | D:4      | Killed Robin
  8892 | D:4      | Killed Menkaure
  9116 | D:2      | XOM: mild Tloc miscast
  9234 | D:2      | Reached * piety under Fedhas
  9841 | D:7      | Killed asdu's ghost
 10008 | D:7      | XOM: polymorph wandering mushroom -> wandering mushroom
 10376 | D:7      | XOM: mild Necr miscast
 10414 | D:9      | XOM: give mutations
 10414 | D:9      | Gained mutation: One of your tentacles bears a spike. [Xom's mischief]
 10414 | D:9      | Gained mutation: Your body sometimes deteriorates upon taking damage. [Xom's mischief]
 10460 | D:9      | Lost mutation: Your body sometimes deteriorates upon taking damage. [potion of mutation]
 10460 | D:9      | Gained mutation: You are frail (-10% HP). [potion of mutation]
 10460 | D:9      | Gained mutation: You occasionally shout uncontrollably at your foes. [potion of mutation]
 10518 | D:9      | XOM: polymorph orc wizard -> steam dragon
 10527 | D:9      | Reached skill level 13 in Slings
 10685 | D:9      | Noticed WhatIsLove's ghost (novice DsBe)
 10875 | D:9      | Reached ** piety under Fedhas
 11239 | D:9      | XOM: stat loss: -3 Str (7/10)
 11330 | D:10     | Entered Level 10 of the Dungeon
 11374 | D:10     | XOM: give mutations
 11374 | D:10     | Gained mutation: Your magical capacity is low (-10% MP). [Xom's mischief]
 11374 | D:10     | Lost mutation: You are frail (-10% HP). [Xom's mischief]
 11403 | D:10     | XOM: mild Summ miscast
 11447 | D:10     | Reached skill level 1 in Invocations
 11659 | D:10     | XOM: medium Air miscast
 11739 | D:10     | Found a staircase to the Lair.
 11751 | D:10     | Reached XP level 11. HP: 64/64 MP: 13/13
 12020 | D:10     | XOM: god gift: troll hide
 12376 | D:10     | XOM: polymorph wandering mushroom -> wandering mushroom
 12484 | D:10     | XOM: mild Necr miscast
 12534 | D:10     | XOM: summons 3 hostile demons
 12736 | D:11     | Noticed a green ugly thing
 12755 | D:11     | Killed a green ugly thing
 12760 | D:11     | Gained mutation: You tend to lose your temper in combat. [mutagenic meat]
 12761 | D:11     | Lost mutation: You tend to lose your temper in combat. [mutagenic meat]
 12824 | D:11     | Noticed a manticore
 12842 | D:11     | Killed a manticore
 12842 | D:11     | Reached skill level 5 in Invocations
 12968 | D:11     | Noticed Josephine
 12993 | D:11     | Killed Josephine
 12998 | D:11     | Slain by a wraith

Vault maps used:
D:1:      dpeg_arrival_signposts, serial_park_tiny_2, minmay_hedge_maze
D:2:      overflow_temple_1_default, johnstein_pakellas_shop
D:3:      minitemple, patterned_corridor
D:4:      nrook_loot_triangle, uniq_grinder, uniq_menkaure, uniq_robin
D:5:      nicolae_tso_besieged_by_evil, first_bread, hangedman_decor_points
D:6:      okawaru_trees_1, temple_statues, serial_shops, shop_coins,
          basic_altar, st_stairs_6
D:7:      makhleb_blood_cavern_becter, kennysheep_vampire_church
D:8:      serial_shops, nicolae_shop_crystal
D:9:      old_standard_altar, grunt_livestock, chei_slow_surprise
D:10:     grunt_lair_entry_orc_guard_hut
D:11:     serial_shops, shop, uniq_josephine
Temple:   nicolae_temple_no_exploring_needed

Action                   |  1- 3 |  4- 6 |  7- 9 | 10-12 || total
-------------------------+-------+-------+-------+-------++-------
Melee: Short sword       |    47 |    45 |       |       ||    92
       Rapier            |       |    37 |    36 |     8 ||    81
       Hunting sling     |       |       |     1 |       ||     1
       Quarterstaff      |       |       |       |    71 ||    71
 Fire: Hunting sling     |       |       |   393 |   484 ||   877
Invok: Evolution         |       |       |       |     8 ||     8
Evoke: Wand              |     2 |     4 |    13 |       ||    19
  Use: Potion            |       |     3 |     5 |     7 ||    15
       Scroll            |       |       |    11 |     6 ||    17
 Stab: Sleeping          |     7 |     8 |       |     4 ||    19
       Paralysed         |       |       |     9 |       ||     9
  Eat: Bread ration      |       |     2 |       |       ||     2
       Chunk             |       |       |    11 |     4 ||    15
       Meat ration       |       |       |     1 |     3 ||     4
